 Dungeon Crawl Stone Soup version 0.25-a0-435-g4b9beb1024 (webtiles) character file.

Game seed: 8765449719518095846, levelgen mode: deterministic

35411 Archen the Severer (level 13, -8/119 HPs)
             Began as a Minotaur Berserker on Jan 27, 2020.
             Was a High Priest of Trog.
             Mangled by a cyan ugly thing (12 damage)
             ... on level 14 of the Dungeon.
             The game lasted 00:42:32 (11786 turns).

Archen the Severer (Minotaur Berserker)            Turns: 11786, Time: 00:42:33

Health: -8/119     AC: 24    Str: 26    XL:     13   Next: 47%
Magic:  12/12      EV: 19    Int:  4    God:    Trog [*****.]
Gold:   989        SH:  0    Dex: 14    Spells: 12/12 levels left

rFire    + . .     SeeInvis .   X - +2 battleaxe (flame)
rCold    + + .     Gourm    .   (shield currently unavailable)
rNeg     . . .     Faith    .   U - +0 plate armour "Ehig" {rF++ Dex-2}
rPois    .         Spirit   .   (helmet restricted)
rElec    .         Reflect  .   r - +0 cloak
rCorr    .         Harm     .   O - +2 pair of gloves
MR       .....                  m - +2 pair of boots
Stlth    ..........             y - amulet of the acrobat
HPRegen  0.29/turn              G - ring of ice
MPRegen  0.13/turn              E - ring of protection from cold

@: agile, berserk cooldown, slowed, very slow
A: retaliatory headbutt, horns 2
a: Berserk, Trog's Hand, Brothers in Arms, Renounce Religion


You were on level 14 of the Dungeon.
You worshipped Trog.
Trog was extremely pleased with you.
You were hungry.

You visited 1 branch of the dungeon, and saw 14 of its levels.

You collected 989 gold pieces.

Inventory:

Hand Weapons
 a - a +6 antimagic lajatang
 Q - a +4 battleaxe
 X - a +2 battleaxe of flaming (weapon)
Armour
 m - a +2 pair of boots (worn)
 r - a +0 cloak (worn)
 O - a +2 pair of gloves (worn)
 U - the +0 plate armour "Ehig" (worn) {rF++ Dex-2}
   (You found it on level 9 of the Dungeon)

   It affects your dexterity (-2).
   It greatly protects you from fire.
   If you remove this armour, your AC will fall 16 points (24 -> 8)
 W - a +0 naga barding
Jewellery
 e - an uncursed ring of stealth
 y - an amulet of the acrobat (around neck)
 E - a ring of protection from cold (right hand)
 G - a ring of ice (left hand)
Wands
 j - a wand of clouds (5)
 s - a wand of polymorph (3)
 D - a wand of iceblast (26)
 I - a wand of random effects (18)
 K - a wand of enslavement (6)
 L - a wand of flame (19)
 S - a wand of disintegration (13)
Scrolls
 b - 2 scrolls of identify
 d - 3 scrolls of blinking
 g - 5 scrolls of enchant weapon
 i - 8 scrolls of teleportation
 k - 2 scrolls of fear {unknown}
 o - a scroll of immolation {unknown}
 p - 3 scrolls of remove curse
 w - a scroll of holy word {unknown}
 x - 2 scrolls of fog
 B - 3 scrolls of magic mapping
 C - 2 scrolls of torment {unknown}
 M - 3 scrolls of enchant armour
 N - a scroll of summoning {unknown}
 R - a scroll of amnesia {unknown}
 T - a scroll of noise {unknown}
Potions
 f - 2 potions of ambrosia {unknown}
 h - 3 potions of cancellation {unknown}
 l - 2 potions of agility
 n - 4 potions of might {unknown}
 q - 2 potions of brilliance {unknown}
 t - a potion of lignification {unknown}
 u - 3 potions of haste {unknown}
 v - a potion of resistance {unknown}
 z - 2 potions of curing {unknown}
 A - a potion of heal wounds {unknown}
 F - a potion of invisibility {unknown}
 H - 6 potions of mutation {unknown}
 J - 2 potions of flight {unknown}
 V - 3 potions of berserk rage {unknown}
Comestibles
 c - 29 rations


   Skills:
 + Level 12.7 Fighting
 * Level 16.9 Axes
 + Level 12.6 Armour
 + Level 11.6 Dodging


You had 12 spell levels left.
You didn't know any spells.
Your spell library was empty.

Dungeon Overview and Level Annotations

Branches:
Dungeon (14/15)            Temple (0/1) D:6            Lair (0/6) D:8
    Orc (0/2) D:11         Vaults (0/5) D:13

Altars:
Dithmenos
Gozag
Kikubaaqudgha
Makhleb
Qazlal
Sif Muna
Zin

Shops:
D:11 **(=   D:13 }


Innate Abilities, Weirdness & Mutations

You reflexively headbutt those who attack you in melee.
You have a pair of horns on your head.


Message History

* * * LOW HITPOINT WARNING * * *
The cyan ugly thing bites you but does no damage.
You hit the cyan ugly thing. You burn the cyan ugly thing.
Your headbutt misses the cyan ugly thing.
The cyan ugly thing is moderately wounded.
You hit the cyan ugly thing but do no damage.
The cyan ugly thing bites you but does no damage.
The cyan ugly thing stings you.
* * * LOW HITPOINT WARNING * * *
The cyan ugly thing shocks you!
* * * LOW HITPOINT WARNING * * *
The cyan ugly thing bites you but does no damage.
All of the chunks of flesh in your inventory have rotted away.
Okay, then.
It was a potion of agility.
You feel agile all of a sudden. The cyan ugly thing bites you.
* * * LOW HITPOINT WARNING * * *
The cyan ugly thing shocks you!
You die...

###########.....≈.....##
..........'....§§.......
(...#######............#
.......................#
....##.###..........8.8#
....##.# #..####.##....
.÷..##.# ##.# #.# .. .
..####.# #.# #.#
..<....# #.# #@#
######## #.# #u# #.#
#u†...... #.. #....§§..
#......≈§ #..)..§§$
#........ #.#'#####
#.#.#


You could see 2 ugly things.

Vanquished Creatures
  A ghoul (D:14)
  Harold (D:7)
  6 centaur warriors
  7 two-headed ogres
  A deep elf knight (D:13)
  A skeletal warrior (D:14)
  An unseen horror (D:13)
  An orc knight (D:13)
  8 ugly things
  3 deep elf magi (D:13)
  A cyclops (D:11)
  A manticore (D:12)
  A gargoyle (D:13)
  Maggie (D:7)
  A tengu conjurer (D:13)
  A guardian mummy (D:14)
  3 trolls
  A hornet (D:9)
  4 slime creatures (D:13)
  5 hippogriffs
  A centaur simulacrum (D:14)
  A spriggan (D:8)
  A wraith (D:13)
  2 shadows (D:13)
  2 wyverns
  6 yaks (D:13)
  A basilisk (D:14)
  6 hungry ghosts
  6 vampire mosquitoes (D:12)
  A soldier ant (D:11)
  3 orc warriors
  3 sky beasts
  2 black bears
  5 ice beasts
  2 phantoms
  A boggart (D:13)
  3 eyes of draining
  9 ogres
  13 centaurs
  5 big kobolds
  7 bullfrogs
  A wyvern zombie (D:14)
  A wyvern skeleton (D:8)
  5 scorpions
  10 killer bees
  4 wights
  6 howler monkeys
  7 crimson imps
  3 quasits
  2 bullfrog zombies
  13 orc wizards
  8 centaur zombies
  6 bullfrog skeletons
  Crazy Yiuf (D:2)
  5 orc priests
  7 hounds
  A jelly (D:4)
  5 centaur skeletons
  6 iguanas
  14 worker ants
  A hound skeleton (D:9)
  A howler monkey zombie (D:7)
  12 gnolls
  A howler monkey skeleton (D:9)
  12 adders
  2 shadow imps
  An ooze (D:3)
  An adder zombie (D:6)
  2 adder skeletons
  A worm (D:6)
  A dart slug (D:1)
  5 leopard geckos
  46 orcs
  5 giant cockroaches
  2 goblins
  7 hobgoblins
  13 jackals
  6 kobolds
  8 quokkas
  2 ball pythons
  6 bats
  8 frilled lizards
  A leopard gecko skeleton (D:4)
  6 rats
384 creatures vanquished.

Vanquished Creatures (others)
  3 withered plants (D:14)
3 creatures vanquished.

Grand Total: 387 creatures vanquished

Notes
Turn   | Place    | Note
-------+----------+-------------------------------------------
     0 | D:1      | Archen the Minotaur Berserker began the quest for the Orb.
     0 | D:1      | Reached XP level 1. HP: 19/19 MP: 0/0
    98 | D:1      | Reached XP level 2. HP: 19/27 MP: 1/1
   101 | D:1      | Reached skill level 4 in Axes
   897 | D:2      | Reached XP level 3. HP: 30/33 MP: 2/2
  1094 | D:2      | Found a runed translucent door.
  1095 | D:2      | Noticed Crazy Yiuf
  1206 | D:2      | Reached ** piety under Trog
  1403 | D:2      | Killed Crazy Yiuf
  1403 | D:2      | Reached XP level 4. HP: 40/40 MP: 3/3
  1490 | D:3      | Reached skill level 5 in Axes
  1505 | D:3      | Reached XP level 5. HP: 43/47 MP: 4/4
  2025 | D:4      | Reached XP level 6. HP: 53/53 MP: 5/5
  2091 | D:4      | Reached skill level 6 in Axes
  2230 | D:4      | Reached skill level 5 in Fighting
  2342 | D:4      | Found a glowing silver altar of Zin.
  2342 | D:4      | Found a stormy altar of Qazlal.
  2418 | D:5      | Entered Level 5 of the Dungeon
  2428 | D:5      | Reached XP level 7. HP: 41/61 MP: 6/6
  2452 | D:5      | Reached *** piety under Trog
  2452 | D:5      | Reached skill level 7 in Axes
  2455 | D:5      | Reached skill level 5 in Armour
  3089 | D:5      | Reached skill level 5 in Dodging
  3089 | D:5      | Reached XP level 8. HP: 70/70 MP: 7/7
  3110 | D:5      | Reached skill level 8 in Axes
  3600 | D:6      | Found an ancient bone altar of Kikubaaqudgha.
  3603 | D:6      | Found a staircase to the Ecumenical Temple.
  3904 | D:7      | Reached skill level 9 in Axes
  4207 | D:7      | Noticed Maggie
  4211 | D:7      | Reached **** piety under Trog
  4211 | D:7      | Reached XP level 9. HP: 76/79 MP: 8/8
  4223 | D:7      | Killed Maggie
  4475 | D:7      | Reached skill level 10 in Axes
  4546 | D:7      | Noticed Harold
  4563 | D:7      | Killed Harold
  4807 | D:8      | Reached skill level 11 in Axes
  4864 | D:8      | Found a staircase to the Lair.
  4924 | D:8      | Found a burning altar of Makhleb.
  5078 | D:8      | Found a shimmering blue altar of Sif Muna.
  5078 | D:8      | Found an opulent altar of Gozag.
  5153 | D:8      | Reached XP level 10. HP: 89/90 MP: 9/9
  5535 | D:9      | Reached ***** piety under Trog
  5535 | D:9      | Received a gift from Trog
  5577 | D:9      | Noticed a centaur warrior
  5582 | D:9      | Killed a centaur warrior
  5582 | D:9      | Reached skill level 12 in Axes
  5829 | D:9      | Paralysed by a hornet for 3 turns
  6137 | D:9      | Noticed a two-headed ogre
  6143 | D:9      | Killed a two-headed ogre
  6154 | D:9      | Got an emerald-encrusted plate armour
  6165 | D:9      | Identified the cursed +0 plate armour "Ehig" {rF++ Dex-2}
                  | (You found it on level 9 of the Dungeon)
  6343 | D:9      | Found a shadowy altar of Dithmenos.
  6617 | D:10     | Entered Level 10 of the Dungeon
  6757 | D:10     | Reached XP level 11. HP: 99/99 MP: 1/10
  6802 | D:10     | Received a gift from Trog
  6811 | D:10     | Reached skill level 13 in Axes
  7327 | D:11     | Found Keibut's General Store.
  7362 | D:11     | Found Ehess's Assorted Antiques.
  7379 | D:11     | Reached skill level 10 in Fighting
  7613 | D:11     | Noticed a two-headed ogre
  7616 | D:11     | Noticed a two-headed ogre
  7623 | D:11     | Killed a two-headed ogre
  7625 | D:11     | Killed a two-headed ogre
  7625 | D:11     | Reached skill level 10 in Armour
  7998 | D:11     | Found a staircase to the Orcish Mines.
  8007 | D:11     | Found Uphaozif's Antique Weapon Emporium.
  8207 | D:11     | Found Etarr's Jewellery Boutique.
  8673 | D:12     | Paralysed by fainting for 8 turns
  8825 | D:12     | Reached skill level 14 in Axes
  9080 | D:12     | Noticed a white ugly thing
  9089 | D:12     | Killed a white ugly thing
  9132 | D:12     | Received a gift from Trog
  9264 | D:13     | Found Vetzeas's Gadget Boutique.
  9429 | D:13     | Noticed a two-headed ogre
  9432 | D:13     | Reached XP level 12. HP: 91/110 MP: 11/11
  9440 | D:13     | Killed a two-headed ogre
  9440 | D:13     | Reached skill level 10 in Dodging
  9791 | D:13     | Reached skill level 15 in Axes
  9817 | D:13     | Noticed a centaur warrior
  9825 | D:13     | Found a gate to the Vaults.
  9838 | D:13     | Killed a centaur warrior
 10420 | D:13     | Noticed a two-headed ogre
 10424 | D:13     | Killed a two-headed ogre
 10479 | D:13     | Noticed a two-headed ogre
 10484 | D:13     | Killed a two-headed ogre
 10484 | D:13     | Received a gift from Trog
 10502 | D:13     | Noticed a centaur warrior
 10507 | D:13     | Killed a centaur warrior
 10507 | D:13     | Reached skill level 16 in Axes
 10516 | D:13     | Noticed a centaur warrior
 10525 | D:13     | Killed a centaur warrior
 10937 | D:14     | Noticed a ghoul
 10946 | D:14     | Reached XP level 13. HP: 50/118 MP: 12/12
 10954 | D:14     | Killed a ghoul
 11786 | D:14     | HP: 4/119 [cyan ugly thing (4)]
 11786 | D:14     | Mangled by a cyan ugly thing

Levels and vault maps discovered:
D:1:      dpeg_arrival_lava_temple_mockup, layout_rooms, minmay_tetromino_l2
D:2:      layout_rooms, serial_glass, glass_columns_a, glass_columns_a,
          due_unseen_surprise, feat_on_display, item_on_display_a, first_ration,
          serial_bayou_pond_a, minmay_misc_feat_cross, hex_large,
          small_statue_intersection, roderic_serpentine_path,
          uniq_crazy_yiuf_cottage
D:3:      layout_basic
D:4:      layout_rooms, gammafunk_temple_overflow_wave
D:5:      layout_basic
D:6:      layout_rooms, kiku_gazebo_pond_becter,
          minmay_temple_entry_purple_smoke, minivault_5
D:7:      layout_gridville, uniq_maggie, uniq_harold
D:8:      layout_rooms, gammafunk_temple_overflow_elements, dpeg_oklobed_lair,
          basic_altar, the_bakery
D:9:      layout_cave_pools, nicolae_dithmenos_shadow_blocks,
          minmay_fractal_squares_diagonal_5
D:10:     layout_cave_pools, kennysheep_generic_room_14
D:11:     layout_long_grid, orc_0_dummy, serial_shops,
          nicolae_shop_temple_entry_statues_fountains, shop, shop,
          nicolae_shop_overgrown_old_shop, st_stairs_7
D:12:     layout_loops_corners
D:13:     kennysheep_spiral_hall, layout_long_grid,
          hangedman_vaults_entry_quadrant_bands, serial_shops, shop
D:14:     layout_basic, basic_altar, hangedman_decor_peaks_small, serial_undead,
          serial_undead_b, serial_undead_b, serial_undead_d, serial_undead_e,
          serial_undead_c, serial_undead_a, serial_undead_d, serial_undead_c

Skill      XL: |  1  2  3  4  5  6  7  8  9 10 11 12 |
---------------+-------------------------------------+-----
Axes           | 4 5 6 7 9 11 12 14 16 | 16.9
Fighting       | 4 5 6 7 8 9 11 12 | 12.7
Armour         | 3 4 5 6 8 9 10 12 | 12.6
Dodging        | 3 4 5 6 7 8 9 11 | 11.6

Action                   |  1- 3 |  4- 6 |  7- 9 | 10-12 | 13-15 || total
-------------------------+-------+-------+-------+-------+-------++-------
Melee: Hand axe          |    81 |    18 |       |       |       ||    99
       Headbutt          |    13 |    12 |    39 |    97 |    22 ||   183
       War axe           |       |    82 |   238 |    32 |       ||   352
       Battleaxe         |       |       |       |   521 |    94 ||   615
       Unarmed           |       |       |       |    27 |       ||    27
Invok: Berserk           |     2 |       |     2 |     5 |     1 ||    10
  Use: Scroll            |       |     2 |     1 |     6 |       ||     9
       Potion            |       |       |       |       |     1 ||     1
  Eat: Chunk             |     3 |     4 |    11 |    32 |       ||    50
       Ration            |       |       |       |     1 |     1 ||     2
Armor: Scale mail        |    36 |    26 |       |       |       ||    62
       Chain mail        |       |    22 |   123 |     1 |       ||   146
       Plate armour      |       |       |       |   328 |    61 ||   389
       Skin              |       |       |       |     5 |       ||     5
Dodge: Dodged            |    53 |    71 |   165 |   430 |    45 ||   764

Table legend:
 A = Non-vault XP
 B = Vault XP
 C = Vault XP percentage of total XP
 D = Non-vault monster count
 E = Vault monster count
 F = Vault count percentage of total count
                 A         B        C        D         E       F
            +---------+---------+-------+---------+---------+-------
      Total |   37460 |   13128 |  26.0 |     340 |      44 |  11.5
            +---------+---------+-------+---------+---------+-------
        D:1 |      36 |       4 |  10.0 |      22 |       1 |   4.3
        D:2 |      31 |      41 |  56.9 |      12 |       1 |   7.7
        D:3 |     179 |       0 |   0.0 |      24 |       0 |   0.0
        D:4 |     395 |       0 |   0.0 |      18 |       0 |   0.0
        D:5 |     840 |       0 |   0.0 |      20 |       0 |   0.0
        D:6 |     629 |       0 |   0.0 |      15 |       0 |   0.0
        D:7 |    1104 |    1376 |  55.5 |      24 |       2 |   7.7
        D:8 |     925 |     220 |  19.2 |      19 |       1 |   5.0
        D:9 |    4285 |     247 |   5.5 |      48 |       6 |  11.1
       D:10 |    1634 |     312 |  16.0 |      24 |       1 |   4.0
       D:11 |    3455 |     233 |   6.3 |      26 |       2 |   7.1
       D:12 |    3613 |       0 |   0.0 |      25 |       0 |   0.0
       D:13 |   12032 |    5877 |  32.8 |      43 |      22 |  33.8
       D:14 |    8302 |    4818 |  36.7 |      20 |       8 |  28.6
            +---------+---------+-------+---------+---------+-------
